 Dungeon Crawl Stone Soup version 0.31.0-9-g3a7656b989 (webtiles) character file.

Game seed: 17616662196767930268

214 qw the Skirmisher (level 5, -1/29 HPs)
             Began as a Deep Elf Hunter on Feb 2, 2024.
             Killed from afar by an orc wizard (11 damage)
             ... with a puff of flame
             ... on level 4 of the Dungeon.
             The game lasted 00:00:10 (2597 turns).

qw the Skirmisher (Deep Elf Hunter)                 Turns: 2597, Time: 00:00:10

Health: -1/29      AC:  7    Str: 10    XL:     5   Next: 59%
Magic:  7/7        EV: 12    Int: 14    God:
Gold:   152        SH:  0    Dex: 24    Spells: 4/4 levels left

rFire   . . .        a - +0 shortbow
rCold   . . .        (shield currently unavailable)
rNeg    . . .        g - +0 ring mail
rPois   .            e - +0 helmet
rElec   .            j - +0 cloak
rCorr   .            (no gloves)
SInv    .            (no boots)
Will    .....        (no amulet)
Stlth   ++           b - +6 ring of dexterity
HPRegen 0.24/turn    (no ring)
MPRegen 0.10/turn

%: no passive effects
@: no status effects
A: no striking features
a: no special abilities


You were on level 4 of the Dungeon.
You visited 1 branch of the dungeon, and saw 4 of its levels.

You collected 152 gold pieces.


   Skills:
 - Level 1.5 Fighting
 + Level 8.9 Ranged Weapons
 - Level 3.0 Dodging
 - Level 1.2 Stealth


You had 4 spell levels left.
You didn't know any spells.
Your spell library was empty.

Inventory:

Hand Weapons
 a - a +0 shortbow (weapon)
Armour
 e - a +0 helmet (worn)
 g - a +0 ring mail (worn)
 j - a +0 cloak (worn)
Jewellery
 b - a +6 ring of dexterity (left hand)
Wands
 k - a wand of polymorph (9)
Scrolls
 h - 3 scrolls of identify
Potions
 c - a potion of haste {unknown}
 d - a potion of berserk rage {unknown}
 i - a potion of heal wounds
 l - a potion of brilliance {unknown}
 n - a potion of degeneration {unknown}

Dungeon Overview and Level Annotations

Branches:
Dungeon (4/15)
 Temple: D:4-7

Altars:


Message History

You shoot an arrow. Something hits you but does no damage.
You shoot an arrow. The arrow hits the orc wizard.
The orc wizard is moderately wounded.
You hear some strange, mumbled words.
Something tries to affect you, but you resist.
The orc wizard gestures at you while chanting.
You shoot an arrow. The arrow hits the orc wizard!
The orc wizard is almost dead.
Something barely misses you.
The orc wizard points at you and mumbles some strange words.
You shoot an arrow. The arrow hits the orc wizard!
You kill the orc wizard!
You hear some strange, mumbled words.
You are confused.
Your life force feels restored.
Something hits you.
You hear some strange, mumbled words.
A puff of flame appears from out of thin air!
The puff of flame hits you. Something hits you but does no damage.
Something hits you but does no damage. Something hits you.
You feel less confused.
You shoot an arrow. The arrow hits the orc!
You kill the orc!
Something hits you.
You shoot an arrow. Something barely misses you.
You shoot an arrow. Something hits you but does no damage.
You shoot an arrow.
You hear some strange, mumbled words.
A puff of flame appears from out of thin air!
The puff of flame hits you!
You shoot an arrow.
You hear some strange, mumbled words.
A puff of flame appears from out of thin air!
The puff of flame hits you!
You die...

### #.### #.... #.### #########
#.# #.# ...).)){# #.#
..###########@## #.#
#.#............# #.#
#.#.#########..# #.#
#.#.#########..###########.# ##
#.#.#...................##.#
.###.#.#.########..#######.##.#
..............................#
########.#.#####......##....###
~~~~~~#.#.# #..#......#..#


There were no monsters in sight!

Vanquished Creatures
  Jessica (D:2)
  A sleepcap (D:4)
  An orc wizard (D:4)
  7 adders
  2 dart slugs
  2 ribbon worms
  3 orcs (D:4)
  4 endoplasms
  6 goblins
  10 hobgoblins
  11 kobolds
  2 quokkas (D:3)
  4 ball pythons
  7 bats
  5 frilled lizards
  A rat (D:1)
67 creatures vanquished.

Notes
Turn   | Place    | Note
-------+----------+-------------------------------------------
     0 | D:1      | qw the Deep Elf Hunter began the quest for the Orb.
     0 | D:1      | Reached XP level 1. HP: 12/12 MP: 3/3
     0 | D:1      | 0 ||| qw: Version: 0.3-a-155-g5e7d8dd
     0 | D:1      | 0 ||| qw: Game counter: 148
     0 | D:1      | 0 ||| qw: Melee chars always use a shield: true
     0 | D:1      | 0 ||| qw: God list: Okawaru
     0 | D:1      | 0 ||| qw: Allow faded altars: false
     0 | D:1      | 0 ||| qw: Do Orc after clearing Dungeon:15 true
     0 | D:1      | 0 ||| qw: Do second Lair branch before Depths: true
     0 | D:1      | 0 ||| qw: Lair rune preference: random
     0 | D:1      | 0 ||| qw: Goals: Normal
     0 | D:1      | 0 ||| PLANNING D:1-11
   170 | D:1      | Reached skill level 6 in Ranged Weapons
   170 | D:1      | Reached XP level 2. HP: 16/16 MP: 4/4
   624 | D:1      | 624 ||| UPGRADING to +0 helmet.
   629 | D:1      | 629 ||| READING 2 scrolls labelled BAGIAKKY SOXT.
   629 | D:1      | 629 ||| IDENTIFYING puce potion
   630 | D:1      | 630 ||| DROPPING scroll of butterflies.
   687 | D:2      | Reached XP level 3. HP: 17/20 MP: 5/5
   816 | D:2      | Reached skill level 7 in Ranged Weapons
   990 | D:2      | Found a faded altar of an unknown god.
  1006 | D:2      | Noticed Jessica
  1012 | D:2      | Killed Jessica
  1013 | D:2      | Reached XP level 4. HP: 25/25 MP: 6/6
  1518 | D:2      | 1518 ||| UPGRADING to +0 ring mail.
  1528 | D:2      | 1528 ||| DROPPING +0 leather armour.
  1529 | D:2      | 1529 ||| UPGRADING to +6 ring of dexterity.
  1530 | D:2      | 1530 ||| READING 2 scrolls of identify.
  1530 | D:2      | 1530 ||| IDENTIFYING murky coppery potion
  1531 | D:2      | 1531 ||| READING scroll of identify.
  1531 | D:2      | 1531 ||| IDENTIFYING 2 glowing green potions
  1532 | D:2      | 1532 ||| DROPPING 2 potions of lignification.
  1678 | D:3      | 1678 ||| FLEEEEING.
  1679 | D:3      | 1679 ||| FLEEEEING.
  1680 | D:3      | 1680 ||| FLEEEEING.
  1681 | D:3      | 1681 ||| FLEEEEING.
  1682 | D:3      | 1682 ||| FLEEEEING.
  1685 | D:3      | Reached skill level 8 in Ranged Weapons
  1877 | D:3      | Found Cieqi's Antique Weapon Emporium.
  1901 | D:3      | Reached skill level 3 in Dodging
  1905 | D:3      | 1905 ||| UPGRADING to +0 cloak.
  1910 | D:3      | 1910 ||| DROPPING +6 ring of intelligence.
  1911 | D:3      | 1911 ||| READING scroll labelled RUGHYE OCEPP.
  1912 | D:3      | 1912 ||| READING scroll labelled NEZORE FABU.
  1913 | D:3      | 1913 ||| READING scroll labelled EQUSEA SEMOETH.
  2114 | D:4      | Reached XP level 5. HP: 26/29 MP: 7/7
  2582 | D:4      | 2582 ||| DRINKING potion of curing.
  2582 | D:4      | 2582 ||| (to cure confusion)
  2597 | D:4      | Killed from afar by an orc wizard

Levels and vault maps discovered:
D:1:      ncdulo_wetmaze, layout_rooms, serial_rivers,
          chequers_serial_rivers_micro_b, chequers_serial_rivers_small_3,
          chequers_serial_rivers_micro_c, chequers_serial_rivers_marsh,
          chequers_serial_rivers_micro_b, chequers_serial_rivers_micro_c,
          roderic_roman_lattice
D:2:      layout_loops_ring, basic_ecumenical_altar, st_stairs_7, uniq_jessica
D:3:      layout_basic, serial_shops, shop
D:4:      layout_basic, minmay_misc_feat_tiny, kennysheep_generic_room_7

Skill      XL: |  1  2  3  4 |
---------------+-------------+-----
Ranged Weapons | 6 7 8 |  8.9
Dodging        | 3 |  3.0
Fighting       | |  1.5
Stealth        | |  1.2

Action                     |  1- 3 |  4- 6 || total
---------------------------+-------+-------++-------
   Fire: Shortbow          |   109 |   113 ||   222
    Use: Scroll            |     1 |     5 ||     6
         Potion            |       |     1 ||     1
 Armour: Leather armour    |    23 |     5 ||    28
         Ring mail         |       |    26 ||    26
  Dodge: Dodged            |    28 |    21 ||    49

Table legend:
 A = Non-vault XP
 B = Vault XP
 C = Vault XP percentage of total XP
 D = Non-vault monster count
 E = Vault monster count
 F = Vault count percentage of total count
                 A         B        C        D         E       F
            +---------+---------+-------+---------+---------+-------
      Total |     265 |      41 |  13.4 |      65 |       2 |   3.0
            +---------+---------+-------+---------+---------+-------
        D:1 |      33 |       0 |   0.0 |      21 |       0 |   0.0
        D:2 |      62 |      41 |  39.8 |      12 |       2 |  14.3
        D:3 |      40 |       0 |   0.0 |      14 |       0 |   0.0
        D:4 |     130 |       0 |   0.0 |      18 |       0 |   0.0
            +---------+---------+-------+---------+---------+-------
